 Dungeon Sprint DCSS version 0.26-a0-757-g626ac9e51a (webtiles) character file.

Game seed: 3399787948582853283

21289 rocky1 the Genius of the Arcane (level 12, -2/85 HPs)
             Began as a Gargoyle Ice Elementalist on Nov 8, 2020.
             Was the Champion of Sif Muna.
             Slain by a bone dragon (9 damage)
             ... in the Dungeon (Sprint VII: "The Pits").
             The game lasted 00:23:01 (2862 turns).

rocky1 the Genius of the Arcane (GrIE)              Turns: 2862, Time: 00:23:01

Health: -2/85      AC: 13    Str: 12    XL:     12   Next: 88%
Magic:  28/28      EV: 17    Int: 27    God:    Sif Muna [******]
Gold:   41         SH:  0    Dex: 10    Spells: 11/36 levels left

rFire    . . .     SeeInvis .   s - +2 morningstar (protect)
rCold    . . .     Faith    .   (no shield)
rNeg     + . .     Spirit   .   n - +0 troll leather armour
rPois    ∞         Reflect  .   u - +0 helmet
rElec    +         Harm     .   (no cloak)
rCorr    .         Rampage  .   (no gloves)
MR       .....     NoTele   +   (no boots)
Stlth    ++........             (no amulet)
HPRegen  0.64/turn              o - +3 ring of intelligence
MPRegen  0.21/turn              p - +3 ring of intelligence

@: berserk cooldown, hasted and slowed
A: negative energy resistance 1, electricity resistance, unbreathing,
petrification resistance, rot immunity, AC +8
a: Channel Magic, Forget Spell, Divine Exegesis, Renounce Religion


You were in the Dungeon.
You worshipped Sif Muna.
Sif Muna was exalted by your worship.
You visited 1 branch You collected 41 gold pieces.

Inventory:

Hand Weapons
 l - a +4 quarterstaff of speed
 m - a +1 broad axe of freezing
 s - a +2 morningstar of protection (weapon)
 t - a +2 scimitar of flaming
Armour
 a - a +0 robe
 n - a +0 troll leather armour (worn)
 u - a +0 helmet (worn)
Jewellery
 o - a +3 ring of intelligence (left hand)
 p - a +3 ring of intelligence (right hand)
 w - an uncursed ring of protection from fire
 y - an uncursed ring of see invisible
Wands
 v - a wand of disintegration (16)
Scrolls
 h - a scroll of blinking
 i - 6 scrolls of remove curse
 j - 5 scrolls of amnesia
 k - a scroll of summoning
 x - a scroll of identify
 A - 4 scrolls of enchant weapon
 C - 4 scrolls of enchant armour
Potions
 b - 2 potions of invisibility
 c - 7 potions of curing
 d - 5 potions of heal wounds
 e - 2 potions of haste
 f - 4 potions of magic
 g - 4 potions of berserk rage
 q - a potion of mutation
 r - 3 potions of brilliance
 z - a potion of resistance
 B - a potion of might


   Skills:
 + Level 14.2 Fighting
 + Level 13.3 Maces & Flails
 + Level 11.6 Dodging
 - Level 2.1 Stealth
 + Level 12.5 Spellcasting
 + Level 13.9 Ice Magic
 + Level 14.6 Invocations


You had 11 spell levels left.
You knew the following spells:

 Your Spells              Type           Power        Failure   Level
a - Freeze                Ice            ####         0%          1
b - Frozen Ramparts       Ice            ######       1%          3
c - Ozocubu's Armour      Ice            #######.     1%          3
d - Hailstorm             Conj/Ice       ######..     2%          4
e - Freezing Cloud        Conj/Ice/Air   #####.....   67%         6
f - Lehudib's Crystal Sp  Conj/Erth      ###.......   100%        8

Your spell library contained the following spells:

 Spells                   Type           Power        Failure   Level
 Ozocubu's Refrigeration  Ice            #######...   1%          6
 Ice Form                 Ice/Tmut       ######..     2%          4
 Summon Ice Beast         Ice/Summ       ######..     2%          4
 Apportation              Tloc           ###...       4%          1
 Beastly Appendage        Tmut           ###...       4%          1
 Magic Dart               Conj           ###.         4%          1
 Sandblast                Erth           ###...       4%          1
 Shock                    Conj/Air       ###.         4%          1
 Summon Small Mammal      Summ           ###.         4%          1
 Call Imp                 Summ           ###.....     6%          2
 Passwall                 Tmut/Erth      ###.....     6%          2
 Poisonous Vapours        Pois/Air       ###...       6%          2
 Swiftness                Air            ###.....     6%          2
 Metabolic Englaciation   Hex/Ice        ######....   7%          5
 Call Canine Familiar     Summ           ###.....     13%         3
 Conjure Flame            Conj/Fire      ###.....     13%         3
 Lesser Beckoning         Tloc           ###.......   13%         3
 Portal Projectile        Hex/Tloc       ###...       13%         3
 Spider Form              Tmut/Pois      ###.......   13%         3
 Static Discharge         Conj/Air       ###.....     13%         3
 Stone Arrow              Conj/Erth      ###...       13%         3
 Summon Guardian Golem    Hex/Summ       ###.....     13%         3
 Simulacrum               Ice/Necr       ######....   36%         6
 Airstrike                Air            ###.......   38%         4
 Iskenderun's Mystic Bla  Conj/Tloc      ###.....     38%         4
 Leda's Liquefaction      Hex/Erth       ###.......   38%         4
 Petrify                  Tmut/Erth      ###.....     38%         4
 Sticky Flame             Conj/Fire      ###.....     38%         4
 Summon Lightning Spire   Summ/Air       ###.....     38%         4
 Alistair's Intoxication  Tmut/Pois      ###......    75%         5
 Bolt of Magma            Conj/Fire/Erth ###.......   75%         5
 Excruciating Wounds      Necr           ###.......   75%         5
 Irradiate                Conj/Tmut      ###.......   75%         5
 Lee's Rapid Deconstruct  Erth           ###.......   75%         5
 Lightning Bolt           Conj/Air       ###.......   75%         5
 Summon Demon             Summ           ###.......   75%         5
 Summon Forest            Summ/Tloc      ###.......   75%         5
 Summon Mana Viper        Hex/Summ       ###.....     75%         5
 Yara's Violent Unravell  Hex/Tmut       ###.......   75%         5
 Dispersal                Tloc           ###.......   100%        6
 Eringya's Noxious Bog    Tmut/Pois      ###.......   100%        6
 Starburst                Conj/Fire      ###.......   100%        6
 Spellforged Servitor     Conj/Summ      ###.......   100%        7
 Chain Lightning          Conj/Air       ###.......   100%        8
 Tornado                  Air            ###.......   100%        9


Dungeon Overview and Level Annotations

Branches:
Dungeon (1/1)

Altars:
Ashenzari
Cheibriados
Dithmenos
Elyvilon
Fedhas
Gozag
Hepliaklqana
Kikubaaqudgha
Makhleb
Nemelex Xobeh
Okawaru
Qazlal
Ru
Sif Muna
Trog
Uskayaw
Vehumet
Wu Jian
Xom
Yredelemnul
Zin
The Shining One
Beogh
Jiyva
Lugonu


Innate Abilities, Weirdness & Mutations

You are resistant to torment.
Your stone body is resilient. (AC +8)
You are immune to poison.
You resist negative energy. (rN+)
You are resistant to electric shocks. (rElec)
You can survive without breathing.
You are immune to petrification.
You are immune to rotting.


Message History

The bone dragon claws you.
* * * LOW HITPOINT WARNING * * *
The bone dragon tramples you!
* * * LOW HITPOINT WARNING * * *
You hold your ground!
You feel much better.
The bone dragon bites you but does no damage.
The bone dragon misses you. x2
Unknown command.
You feel yourself speed up. The bone dragon bites you!
* * * LOW HITPOINT WARNING * * *
The bone dragon claws you.
* * * LOW HITPOINT WARNING * * *
The bone dragon tramples you but does no damage.
The bone dragon bites you!
* * * LOW HITPOINT WARNING * * *
The bone dragon claws you but does no damage.
The bone dragon barely misses you.
You feel better. The bone dragon bites you!
You die...

#........ +..#....#..
+..........# #..........#
##########..#....#..#
........''..........#
........''..........#
######..##..#....#..#
#..##..@.......+ #..##..D.......+
#..####''####++#
#..####''####++#########
#..##..:)..##...........
##########..##.#'##.##...........
............##.#.)+.##..#########
............##.'|)#.##..#
#''###########.#.:'.##..#


You could see a bone dragon.

Vanquished Creatures
  Xtahua (D)
  A death cob (D)
  A nagaraja (D)
  2 hydras (D)
  A shadow wraith (D)
  A bog body (D)
  A spriggan druid (D)
  A swamp dragon (D)
  A phantasmal warrior (D)
  2 deep elf magi (D)
  An ugly thing (D)
  A salamander (D)
  2 elephants (D)
  A naga mage (D)
  A smoke demon (D)
  A rust devil (D)
  An eye of devastation (D)
  A komodo dragon (D)
  A merfolk (D)
  An ice devil (D)
  A jumping spider (D)
  2 trolls (D)
  A tyrant leech (D)
  A hellwing (D)
  5 blink frogs (D)
  A hornet (D)
  A snapping turtle (D)
  2 water elementals (D)
  5 redbacks (D)
  A spriggan (D)
  4 yaks (D)
  A wyvern (D)
  A steam dragon (D)
  A soldier ant (D)
  6 vampire mosquitoes (D)
  2 nagas (D)
  2 swamp drakes (D)
  A black bear (D)
  An ice beast (D)
  A sky beast (D)
  A necrophage (D)
  An ogre (D)
  7 wolves (D)
  A bullfrog (D)
  A gnoll sergeant (D)
  A jelly (D)
  A gnoll shaman (D)
  2 iguanas (D)
  A mummy (D)
  7 gnolls (D)
  An adder (D)
  A river rat (D)
  An ufetubus (D)
  2 oozes (D)
  2 orcs (D)
  A bat (D)
  A bat skeleton (D)
  A giant cockroach (D)
  3 goblins (D)
  7 jackals (D)
  A ball python (D)
  A frilled lizard (D)
  A giant cockroach simulacrum (D)
  2 kobolds (D)
  A rat (D)
112 creatures vanquished.

Vanquished Creatures (others)
  A redback (D)
  A gnoll (D)
2 creatures vanquished.

Grand Total: 114 creatures vanquished

Notes
Turn   | Place    | Note
-------+----------+-------------------------------------------
     0 | D        | rocky1 the Gargoyle Ice Elementalist began the quest for
                  | the Orb.
     0 | D        | Reached XP level 1. HP: 10/10 MP: 3/3
    47 | D        | Found a bloodstained altar of Trog.
    47 | D        | Found a shimmering blue altar of Sif Muna.
    47 | D        | Found a viscous altar of Jiyva.
    47 | D        | Found a hazy altar of Hepliaklqana.
    47 | D        | Found an opulent altar of Gozag.
    48 | D        | Found a glowing golden altar of the Shining One.
    48 | D        | Found a glowing silver altar of Zin.
    48 | D        | Found a basalt altar of Yredelemnul.
    48 | D        | Found a shimmering altar of Xom.
    48 | D        | Found an ornate altar of the Wu Jian Council.
    48 | D        | Found a sacrificial altar of Ru.
    48 | D        | Found a stormy altar of Qazlal.
    48 | D        | Found an iron altar of Okawaru.
    48 | D        | Found a sparkling altar of Nemelex Xobeh.
    48 | D        | Found a burning altar of Makhleb.
    48 | D        | Found a blossoming altar of Fedhas.
    48 | D        | Found a white marble altar of Elyvilon.
    48 | D        | Found a shadowy altar of Dithmenos.
    48 | D        | Found a snail-covered altar of Cheibriados.
    51 | D        | Found a corrupted altar of Lugonu.
    51 | D        | Found a radiant altar of Vehumet.
    51 | D        | Found a roughly hewn altar of Beogh.
    52 | D        | Found an ancient bone altar of Kikubaaqudgha.
    52 | D        | Found a hide-covered altar of Uskayaw.
    52 | D        | Found a broken altar of Ashenzari.
    53 | D        | Became a worshipper of Sif Muna the Loreminder
    68 | D        | Reached XP level 2. HP: 14/16 MP: 1/5
   126 | D        | Reached * piety under Sif Muna
   126 | D        | Reached skill level 1 in Fighting
   126 | D        | Reached skill level 1 in Maces & Flails
   126 | D        | Reached skill level 1 in Invocations
   128 | D        | Reached XP level 3. HP: 16/20 MP: 1/7
   186 | D        | Reached ** piety under Sif Muna
   186 | D        | Noticed a gnoll sergeant
   200 | D        | Reached skill level 5 in Ice Magic
   214 | D        | Killed a gnoll sergeant
   214 | D        | Reached XP level 4. HP: 23/28 MP: 0/10
   216 | D        | Reached *** piety under Sif Muna
   363 | D        | Reached XP level 5. HP: 32/32 MP: 11/11
   402 | D        | Learned a level 3 spell: Frozen Ramparts
   406 | D        | Learned a level 3 spell: Ozocubu's Armour
   411 | D        | Learned a level 4 spell: Hailstorm
   443 | D        | Noticed a deep elf mage
   445 | D        | Noticed a fire elemental
   445 | D        | Noticed a fire elemental
   452 | D        | Noticed a fire elemental
   454 | D        | Noticed a fire elemental
   454 | D        | Killed a deep elf mage
   454 | D        | Reached skill level 5 in Maces & Flails
   454 | D        | Reached skill level 5 in Dodging
   454 | D        | Reached XP level 6. HP: 29/41 MP: 5/15
   454 | D        | Reached XP level 7. HP: 33/46 MP: 5/16
   457 | D        | Reached **** piety under Sif Muna
   464 | D        | Reached ***** piety under Sif Muna
   467 | D        | Identified Sif Muna's Catalogue of Calling and
                  | Transmutation (Sif Muna gifted it to you in the Dungeon)
   467 | D        | Received a gift from Sif Muna
   641 | D        | Identified Sif Muna's Tome of Virous Confrontation (Sif
                  | Muna gifted it to you in the Dungeon)
   641 | D        | Received a gift from Sif Muna
   643 | D        | Noticed a five-headed hydra
   655 | D        | Killed a five-headed hydra
   655 | D        | Reached XP level 8. HP: 33/54 MP: 7/19
   847 | D        | Reached XP level 9. HP: 39/60 MP: 10/20
   969 | D        | Identified Sif Muna's Guide on Transformation and Evil (Sif
                  | Muna gifted it to you in the Dungeon)
   969 | D        | Received a gift from Sif Muna
  1099 | D        | Noticed a hornet
  1103 | D        | Noticed an eye of devastation
  1115 | D        | Killed a hornet
  1136 | D        | Killed an eye of devastation
  1275 | D        | Noticed a rust devil
  1279 | D        | Reached skill level 10 in Invocations
  1280 | D        | Reached skill level 10 in Ice Magic
  1295 | D        | Killed a rust devil
  1295 | D        | Identified Pij Qeat's Almanac of Floating Earth (Sif Muna
                  | gifted it to you in the Dungeon)
  1295 | D        | Received a gift from Sif Muna
  1410 | D        | Noticed a hellwing
  1415 | D        | Killed a hellwing
  1415 | D        | Reached skill level 10 in Fighting
  1415 | D        | Reached XP level 10. HP: 67/68 MP: 15/22
  1579 | D        | Noticed a swamp dragon
  1589 | D        | Killed a swamp dragon
  1645 | D        | Noticed a deep elf mage
  1651 | D        | Reached ****** piety under Sif Muna
  1651 | D        | Received a gift from Sif Muna
  1651 | D        | Reached skill level 10 in Maces & Flails
  1657 | D        | Killed a deep elf mage
  1718 | D        | Received a gift from Sif Muna
  1826 | D        | Reached skill level 10 in Spellcasting
  1830 | D        | Reached XP level 11. HP: 60/74 MP: 18/25
  2024 | D        | Identified Sif Muna's Almanac of the Quantum Birds (Sif
                  | Muna gifted it to you in the Dungeon)
  2024 | D        | Received a gift from Sif Muna
  2114 | D        | Noticed a phantasmal warrior
  2124 | D        | Killed a phantasmal warrior
  2132 | D        | Received a gift from Sif Muna
  2267 | D        | Reached skill level 10 in Dodging
  2267 | D        | Received a gift from Sif Muna
  2361 | D        | Learned a level 6 spell: Freezing Cloud
  2370 | D        | Learned a level 8 spell: Lehudib's Crystal Spear
  2375 | D        | Noticed a bog body
  2386 | D        | Killed a bog body
  2486 | D        | Noticed a nagaraja
  2499 | D        | Killed a nagaraja
  2557 | D        | Noticed a death cob
  2564 | D        | Killed a shadow wraith
  2571 | D        | Killed a death cob
  2571 | D        | Identified Sif Muna's Compendium of Supportive
                  | Transmigration (Sif Muna gifted it to you in the Dungeon)
  2571 | D        | Received a gift from Sif Muna
  2571 | D        | Reached XP level 12. HP: 49/84 MP: 18/27
  2698 | D        | Noticed a six-headed hydra
  2704 | D        | Killed a six-headed hydra
  2704 | D        | Identified Sif Muna's Compendium of Conjuration (Sif Muna
                  | gifted it to you in the Dungeon)
  2704 | D        | Received a gift from Sif Muna
  2805 | D        | Noticed a bone dragon
  2805 | D        | Noticed Xtahua
  2814 | D        | Killed Xtahua
  2815 | D        | Received a gift from Sif Muna
  2861 | D        | HP: 2/85 [bone dragon (17)]
  2862 | D        | Slain by a bone dragon

Illustrated notes

Levels and vault maps discovered:
D:        pitsprint [storerooms_1, entrance_room_1, metal_vault_8, armoury_2,
          mini_pit_1, grid_room_1, main_hall_1, silver_pit, the_coven_1,
          the_vestibule_1, steel_vault_5, golden_pit, hallway_of_sentries,
          crystal_vault_1, iron_vault_2, final_vault]

Skill      XL: |  1  2  3  4  5  6  7  8  9 10 11 12 |
---------------+-------------------------------------+-----
Dodging        | 2 3 5 6 8 9 10 11 | 11.6
Fighting       | 1 3 6 8 10 11 13 14 | 14.2
Maces & Flails | 1 3 5 7 9 10 12 13 | 13.3
Spellcasting   | 3 4 6 7 8 10 11 12 | 12.5
Invocations    | 1 3 6 8 9 10 11 13 14 | 14.6
Ice Magic      | 5 7 8 9 10 11 12 13 | 13.9
Stealth        | |  2.1

Action                   |  1- 3 |  4- 6 |  7- 9 | 10-12 || total
-------------------------+-------+-------+-------+-------++-------
Melee: Unarmed           |     1 |       |       |       ||     1
       Mace              |    12 |     2 |       |       ||    14
       Flail             |       |     2 |    30 |       ||    32
       Morningstar       |       |       |    42 |   169 ||   211
 Cast: Freeze            |    19 |     1 |       |       ||    20
       Frozen Ramparts   |       |     1 |    10 |    18 ||    29
       Ozocubu's Armour  |       |     1 |     9 |    15 ||    25
       Hailstorm         |       |       |     3 |    22 ||    25
       Lehudib's Crystal |       |       |       |     1 ||     1
Invok: Channel Magic     |       |       |       |     2 ||     2
       Divine Exegesis   |       |       |       |     1 ||     1
  Use: Potion            |     1 |     1 |       |    11 ||    13
       Scroll            |       |       |       |     2 ||     2
Armor: Robe              |     1 |     4 |    31 |    16 ||    52
       Troll leather arm |       |       |       |   134 ||   134
Dodge: Dodged            |    18 |     3 |    69 |   159 ||   249

Table legend: (Time is in decaauts)
 A = Elapsed time spent in this place.
 B = Non-inter-level travel time spent in this place.
 C = Inter-level travel time spent in this place.
 D = Time resting spent in this place.
 E = Time spent auto-exploring this place.
 F = Levels seen in this place.
 G = Mean time per level.
                   A        B        C        D        E       F      G
               +--------+--------+--------+--------+--------+-----+--------+
         Total |   2906 |   2906 |      0 |   1533 |      0 |   1 | 2906.0 |
       Dungeon |   2906 |   2906 |      0 |   1533 |      0 |   1 | 2906.0 |
               +--------+--------+--------+--------+--------+-----+--------+

Top non-repeatable levels by time:
       D: 2906 daAuts
